 Dungeon Crawl Stone Soup version 0.27-a0-909-g0721f309d1 (webtiles) character file.

Game seed: 4984452909481592679

173 voltaire321 the Ducker (level 5, 0/40 HPs)
             Began as a Djinni Gladiator on Apr 8, 2021.
             Slain by an orc wizard
             ... wielding a +0 dagger
              (2 damage)
             ... on level 3 of the Dungeon.
             The game lasted 00:06:54 (3262 turns).

voltaire321 the Ducker (Djinni Gladiator)           Turns: 3262, Time: 00:06:55

Health: 0/40       AC:  8    Str: 13    XL:     5   Next: 53%
Gold:   87         EV: 12    Int:  9    God:
                   SH:  4    Dex: 16

rFire    + + .     SeeInvis .   a - +0 long sword
rCold    x . .     Faith    .   g - +0 buckler
rNeg     . . .     Spirit   .   b - +0 leather armour
rPois    ∞         Reflect  .   c - +0 helmet
rElec    .         Harm     .   (no cloak)
rCorr    .         Rampage  .   (no gloves)
Will     .....                  (boots unavailable)
Stlth    +.........             (no amulet)
HPRegen  0.13/turn              i - +4 ring of protection
MPRegen  0.00/turn              (no ring)

@: flying
A: fire resistance 2, cold vulnerability 1, float, innate caster, hp casting,
extra vitality 1
a: no special abilities


You were on level 3 of the Dungeon.
You visited 1 branch of the dungeon, and saw 3 of its levels.

You collected 87 gold pieces.

Inventory:

Hand Weapons
 a - a +0 long sword (weapon)
Missiles
 d - 3 throwing nets (quivered)
Armour
 b - a +0 leather armour (worn)
 c - a +0 helmet (worn)
 g - a +0 buckler (worn)
Jewellery
 i - a +4 ring of protection (left hand)
Wands
 l - a wand of charming (3)
Scrolls
 e - a scroll of teleportation {unknown}
 f - a scroll of fog {unknown}
 j - 2 scrolls of immolation {unknown}
 k - 2 scrolls of identify {unknown}
Potions
 h - a potion of lignification {unknown}
 m - 2 potions of might {unknown}
 n - a potion of invisibility {unknown}


   Skills:
 + Level 3.0 Fighting
 + Level 3.3 Long Blades
 - Level 1.5 Throwing
 + Level 1.8 Armour
 + Level 4.0 Dodging
 + Level 1.3 Shields
 + Level 1.3 Spellcasting


You had 3 spell levels left.
You knew the following spells:

 Your Spells              Type           Power      Damage    Failure   Level
a - Foxfire               Conj/Fire      12%        2x1d4     36%         1
b - Blink                 Tloc           N/A        N/A       50%         2
Your spell library was empty.

Dungeon Overview and Level Annotations

Branches:
Dungeon (3/15)

Altars:

Annotations:
D:3 Sigmund


Innate Abilities, Weirdness & Mutations

You are immune to poison.
Your flesh is very heat resistant. (rF++)
You are vulnerable to cold. (rC-)
You float through the air rather than walking.
You learn spells naturally, not from books.
Your magical power is your life essence.
You have superior vitality. (+4 HP)


Message History

You hear some strange, mumbled words.
You are confused.
You bump into the rock wall.
Something hits you but does no damage.
You hit something.
You hear some strange, mumbled words.
A puff of flame appears from out of thin air!
The puff of flame hits you. You resist.
You hear some strange, mumbled words.
You are more confused.
You hit something. Something hits you but does no damage.
You miss something. Something hits you but does no damage.
A magic dart appears from out of thin air!
The magic dart hits you.
You bump into the rock wall.
You barely miss something. Something hits you. The orc barely misses you.
Something hits you.
You miss something.
You feel less confused. The orc hits you but does no damage.
Something hits you but does no damage.
You closely miss something. The orc closely misses you.
Something hits you but does no damage. The orc barely misses you.
You hit something. Something hits you. The orc hits you but does no damage.
Something hits you but does no damage.
You closely miss something. The orc closely misses you. Something hits you.
* * * LOW HITPOINT WARNING * * *
You closely miss something. You block the orc's attack. Something hits you.
* * * LOW HITPOINT WARNING * * *
You hit something. The orc barely misses you. You block something's attack.
The orc closely misses you.
You miss something. Something hits you.
* * * LOW HITPOINT WARNING * * *
The orc misses you. Something hits you but does no damage.
You miss something. You block the orc's attack. Something hits you.
* * * LOW HITPOINT WARNING * * *
You closely miss something. The orc hits you but does no damage.
Something hits you.
* * * LOW HITPOINT WARNING * * *
The orc barely misses you.
You barely miss something. Something hits you.
You die...

#..........#..o...
...........o......
#.........o#
#..........#
#..........#
#####.#.#### #. #†# .#
# #o# .# #@######.####
### #{..........#
###...##...........# ..
...................#
.........##>..........#
...###.#.###..........#
...##.#.# ###.########
#.....#.### #.#
#.##......###.#


You could see an orc.

Vanquished Creatures
  7 gnolls
  5 adders
  A dart slug (D:2)
  2 orcs (D:3)
  7 ball pythons
  6 bats
  6 endoplasms
  4 giant cockroaches
  4 goblins (D:1)
  4 hobgoblins
  3 jackals (D:1)
  2 kobolds
  2 quokkas
  A frilled lizard (D:1)
  3 rats
57 creatures vanquished.

Vanquished Creatures (others)
  3 foxfires
3 creatures vanquished.

Grand Total: 60 creatures vanquished

Notes
Turn   | Place    | Note
-------+----------+-------------------------------------------
     0 | D:1      | voltaire321 the Djinni Gladiator began the quest for the
                  | Orb.
     0 | D:1      | Reached XP level 1. HP: 18/18 MP: 0/0
   351 | D:1      | Reached XP level 2. HP: 20/23 MP: 0/0
   848 | D:1      | Reached skill level 1 in Armour
   848 | D:1      | Reached XP level 3. HP: 28/28 MP: 0/0
   848 | D:1      | Learned a level 1 spell: Foxfire
  1305 | D:2      | Reached skill level 1 in Spellcasting
  1305 | D:2      | Reached XP level 4. HP: 23/34 MP: 0/0
  1576 | D:2      | Reached skill level 1 in Shields
  2091 | D:2      | Found a faded altar of an unknown god.
  2344 | D:1      | Reached XP level 5. HP: 34/40 MP: 0/0
  2344 | D:1      | Learned a level 2 spell: Blink
  2350 | D:1      | Reached skill level 4 in Dodging
  3041 | D:3      | Noticed Sigmund
  3260 | D:3      | HP: 2/40 [something (3)]
  3262 | D:3      | Slain by an orc wizard

Illustrated notes

Levels and vault maps discovered:
D:1:      doesnt_arrival_eight_statues, layout_basic, grunt_decor_fettered
D:2:      layout_basic, chequers_ecumenical_altar_twisty
D:3:      layout_rooms, uniq_sigmund

Skill      XL: |  1  2  3  4  5 |
---------------+----------------+-----
Armour         | 1 |  1.8
Long Blades    | 3 |  3.3
Spellcasting   | 1 |  1.3
Shields        | 1 |  1.3
Dodging        | 4 |  4.0
Fighting       | 3 |  3.0
Throwing       | |  1.5

Action                   |  1- 3 |  4- 6 || total
-------------------------+-------+-------++-------
Melee: Long sword        |    83 |   132 ||   215
 Cast: Foxfire           |     2 |     1 ||     3
 Stab: Sleeping          |     1 |       ||     1
Armor: Leather armour    |    43 |    52 ||    95
Dodge: Dodged            |    81 |    97 ||   178
Block: Buckler           |    12 |    26 ||    38
       Rpst.: Long sword |    24 |    22 ||    46

Table legend: (Time is in decaauts)
 A = Elapsed time spent in this place.
 B = Non-inter-level travel time spent in this place.
 C = Inter-level travel time spent in this place.
 D = Time resting spent in this place.
 E = Time spent auto-exploring this place.
 F = Levels seen in this place.
 G = Mean time per level.
                   A        B        C        D        E       F      G
               +--------+--------+--------+--------+--------+-----+--------+
         Total |   3330 |   3190 |    140 |   1112 |   1217 |   3 | 1110.0 |
       Dungeon |   3330 |   3190 |    140 |   1112 |   1217 |   3 | 1110.0 |
               +--------+--------+--------+--------+--------+-----+--------+

Top non-repeatable levels by time:
     D:1: 1717 daAuts
     D:2: 1355 daAuts
     D:3: 257 daAuts
